 Dungeon Crawl Stone Soup version 0.27.1-1-g398f81649c (webtiles) character file.

Game seed: 7544240217446937007

6196 Rickety the Unseen (level 10, -2/46 HPs)
             Began as a Spriggan Enchanter on Sept 20, 2021.
             Was a Believer of Dithmenos.
             Slain by a death knight (20 damage)
             ... on level 8 of the Dungeon.
             The game lasted 00:28:34 (12063 turns).

Rickety the Unseen (Spriggan Enchanter)            Turns: 12063, Time: 00:28:36

Health: -2/46      AC:  4    Str:  4    XL:     10   Next: 61%
Magic:  22/32      EV: 20    Int: 18    God:    Dithmenos [**....]
Gold:   418        SH:  0    Dex: 24    Spells: 9/25 levels left

rFire    + . .     SeeInvis +   M - +2 dagger (drain)
rCold    + . .     Faith    .   (shield restricted)
rNeg     . . .     Spirit   .   J - +2 robe {rC+ rF+}
rPois    .         Reflect  .   (helmet restricted)
rElec    .         Harm     .   x - scarf {repulsion}
rCorr    .         Rampage  .   (gloves unavailable)
Will     +....                  (boots unavailable)
Stlth    ++++++++..             z - amulet of the acrobat
HPRegen  0.15/turn              f - ring of magical power
MPRegen  0.23/turn              s - +6 ring of dexterity

@: very slightly contaminated, wreathed by umbra, repel missiles, very quick
A: very small, no large weapons, unfitting armour, see invisible, speed 3
a: Renounce Religion, Shadow Step


You were on level 8 of the Dungeon.
You worshipped Dithmenos.
Dithmenos was pleased with you.
You visited 2 branches of the dungeon, and saw 10 of its levels.

You collected 418 gold pieces.

Inventory:

Hand Weapons
 a - a +1 dagger
 L - the +0 staff of Battle
   (You found it on level 8 of the Dungeon)

   It enhances your conjuration magic.
   It summons a battlesphere in combat, with strength depending on Conjurations
   skill.
 M - a +2 dagger of draining (weapon)
Missiles
 e - 36 poisoned darts (quivered)
 G - a curare-tipped dart
Armour
 b - a +0 robe
 j - a +0 cloak
 x - a scarf of repulsion (worn)
 I - +0 steam dragon scales
 J - a +2 robe of resistance (worn)
Magical Staves
 u - a staff of poison
 v - a staff of death
Jewellery
 f - a ring of magical power (left hand)
 g - a +6 ring of strength
 l - a ring of protection from cold
 s - a +6 ring of dexterity (right hand)
 z - an amulet of the acrobat (around neck)
 B - the ring of Esuor {*Slow rF+ rN+ Dex+4}
   (You found it on level 6 of the Dungeon)

   [ring of protection from fire]

   Dex:       It affects your dexterity (+4).
   rF:        It protects you from fire.
   rN:        It protects you from negative energy.
   *Slow:     It may slow you when you take damage.
 K - a ring of resist corrosion
Wands
 A - a wand of mindburst (9)
 C - a wand of flame (22)
 H - a wand of iceblast (5)
Scrolls
 d - 3 scrolls of amnesia {unknown}
 i - a scroll of vulnerability {unknown}
 k - 4 scrolls of noise {unknown}
 m - 2 scrolls of magic mapping {unknown}
 n - 3 scrolls of teleportation {unknown}
 p - a scroll of immolation {unknown}
 t - 4 scrolls of identify {unknown}
 y - a scroll of fear {unknown}
 D - a scroll of silence {unknown}
Potions
 c - a potion of lignification {unknown}
 h - 3 potions of curing
 o - 4 potions of heal wounds {unknown}
 q - 4 potions of flight {unknown}
 r - a potion of haste {unknown}
 w - 4 potions of brilliance {unknown}
 E - a potion of cancellation {unknown}
 F - a potion of might {unknown}


   Skills:
 + Level 1.4 Fighting
 + Level 3.9 Short Blades
 - Level 2.0 Throwing
 + Level 4.4 Dodging
 * Level 15.0 Stealth
 + Level 8.1 Spellcasting
 - Level 2.0 Conjurations
 + Level 7.1 Hexes
 - Level 2.0 Summonings
 - Level 2.0 Translocations
 - Level 0.1 Ice Magic
 * Level 4.7 Invocations
 * Level 5.8 Evocations


You had 9 spell levels left.
You knew the following spells:

 Your Spells              Type           Power      Damage    Failure   Level
a - Corona                Hex            36%        N/A       1%          1
b - Ensorcelled Hibernat  Hex/Ice        40%        N/A       3%          2
c - Confusing Touch       Hex            33%        N/A       1%          3
d - Dazzling Flash        Conj/Hex       46%        N/A       4%          3
g - Summon Guardian Gole  Hex/Summ       23%        N/A       4%          3
t - Tukima's Dance        Hex            33%        N/A       1%          3
y - Apportation           Tloc           28%        N/A       4%          1

Your spell library contained the following spells:

 Spells                   Type           Power      Damage    Failure   Level
 Animate Skeleton         Necr           14%        N/A       10%         1
 Pain                     Necr           28%        1d5       10%         1
 Gell's Gravitas          Tloc           7%         N/A       13%         3
 Lesser Beckoning         Tloc           7%         N/A       13%         3
 Teleport Other           Tloc           14%        N/A       13%         3
 Ozocubu's Armour         Ice            7%         N/A       26%         3
 Vampiric Draining        Necr           3%         2d6       28%         3
 Metabolic Englaciation   Hex/Ice        10%        N/A       52%         5
 Invisibility             Hex            16%        N/A       61%         6
 Alistair's Intoxication  Tmut/Pois      4%         N/A       95%         5
 Simulacrum               Ice/Necr       3%         N/A       100%        6
 Orb of Destruction       Conj           7%         9d3       100%        7
 Spellforged Servitor     Conj/Summ      7%         N/A       100%        7


Dungeon Overview and Level Annotations

Branches:
Dungeon (9/15)             Temple (1/1) D:5
   Lair: D:8-11         Orc: D:9-12

Altars:
Cheibriados
Dithmenos
Elyvilon
Fedhas
Gozag
Hepliaklqana
Kikubaaqudgha
Makhleb
Nemelex Xobeh
Okawaru
Qazlal
Ru
Sif Muna
Trog
Uskayaw
Vehumet
Wu Jian
Xom
Yredelemnul
Zin
The Shining One

Shops:
D:7 (


Innate Abilities, Weirdness & Mutations

You are very small and have problems with some larger weapons.
You are too small for most types of armour.
You have supernaturally acute eyesight. (SInv)
You cover ground extremely quickly. (Speed+++)


Message History

The kobold shouts!
There is a stone staircase leading up here.
The kobold shouts! x3; You hear a shout!
The kobold zaps a wand.
You resist with almost no effort.
The death knight offers itself to Yredelemnul, and fills with unholy energy.
The kobold shouts!
You climb upwards.
There is a stone staircase leading down here.
Casting: Confusing Touch (safe; 1% risk of failure)
Confirm with . or Enter, or press ? or * to list all spells.
Aiming: Tukima's Dance (safe; 1% risk of failure)
Press: ? - help, Shift-Dir - straight line, f - death knight
Aim: a death knight, wielding a +0 morningstar and wearing a +0 plate armour (reflecting injuries, umbra, chance to affect: 22%)
You miscast Tukima's Dance.
You are very lightly contaminated with residual magic.
Nothing appears to happen.
The death knight hits you with a +0 morningstar!
Casting: Tukima's Dance (safe; 1% risk of failure)
Confirm with . or Enter, or press ? or * to list all spells.
Aiming: Tukima's Dance (safe; 1% risk of failure)
Press: ? - help, Shift-Dir - straight line, f/p - death knight
Aim: a death knight, wielding a +0 morningstar and wearing a +0 plate armour (reflecting injuries, umbra, chance to affect: 22%)
The death knight resists with almost no effort.
The death knight barely misses you.
Unknown command.
Casting: Tukima's Dance (safe; 1% risk of failure)
Confirm with . or Enter, or press ? or * to list all spells.
Aiming: Tukima's Dance (safe; 1% risk of failure)
Press: ? - help, Shift-Dir - straight line, f/p - death knight
Aim: a death knight, wielding a +0 morningstar and wearing a +0 plate armour (reflecting injuries, umbra, chance to affect: 22%)
Okay, then.
Casting: Tukima's Dance (safe; 1% risk of failure)
Confirm with . or Enter, or press ? or * to list all spells.
Okay, then.
Aiming: Shadow Step
Press: ? - help, Dir - move target, f/p - death knight
Aim: a death knight, wielding a +0 morningstar and wearing a +0 plate armour (reflecting injuries, umbra)
You step into the death knight's shadow.
The death knight hits you with a +0 morningstar!!
You die...

###### #....# ### #.##.####.#
#.##......# ######.##....#.#
#...##.#.......# ###########
#......#.##...## #.........#
####...[..#.##.#@####.#######.#
................[p>##.# #.###
######..#.#....######.# #....
#....#.##.# #.# #####.#
#...)#.#### #.#####......
####)#.# #.#<....##### #.#.#
#.####..#### ### #.#.# #.#
#.....# ..#######...###
#.####.###.#


You could see a death knight (reflects damage).

Vanquished Creatures
  A two-headed ogre (D:9)
  An ugly thing (D:9)
  Maggie (D:8)
  2 tengu conjurers (D:8)
  A hornet (D:8)
  A shadow (D:7)
  7 yaks (D:7)
  3 water moccasins
  4 ogres
  2 orc warriors
  5 necrophages
  2 centaurs
  2 black bears
  A phantom (D:6)
  2 kobold brigands (D:7)
  A wyvern zombie (D:8)
  A water moccasin zombie (D:5)
  A water moccasin skeleton (D:6)
  3 wights (D:8)
  A howler monkey (D:4)
  2 centaur zombies
  3 hounds
  2 bullfrog skeletons (D:4)
  A centaur skeleton (D:5)
  10 orc wizards
  2 iguanas
  Natasha (thrice) (D:3)
  A killer bee zombie (D:5)
  A hound skeleton (D:5)
  8 gnolls
  10 adders
  3 howler monkey zombies
  A shadow imp (D:5)
  2 white imps
  An ufetubus (D:4)
  2 worms
  2 dart slugs
  16 orcs
  8 ball pythons
  7 bats
  6 endoplasms
  3 giant cockroaches
  10 hobgoblins
  5 jackals (D:3)
  3 quokkas
  8 frilled lizards
  5 goblins
  10 kobolds
  7 rats
184 creatures vanquished.

Vanquished Creatures (collateral kills)
  A wight (D:8)
  3 gnolls
4 creatures vanquished.

Vanquished Creatures (others)
  A dancing weapon (D:5)
  An orc (D:5)
2 creatures vanquished.

Grand Total: 190 creatures vanquished

Notes
Turn   | Place    | Note
-------+----------+-------------------------------------------
     0 | D:1      | Rickety the Spriggan Enchanter began the quest for the Orb.
     0 | D:1      | Reached XP level 1. HP: 9/9 MP: 5/5
   457 | D:1      | Reached skill level 5 in Stealth
   602 | D:1      | Reached XP level 2. HP: 6/13 MP: 3/6
   629 | D:1      | Learned a level 2 spell: Ensorcelled Hibernation
  2364 | D:2      | Found a faded altar of an unknown god.
  2381 | D:2      | Reached XP level 3. HP: 16/16 MP: 8/8
  2385 | D:2      | Learned a level 3 spell: Confusing Touch
  2449 | D:2      | Reached skill level 6 in Stealth
  3246 | D:2      | Reached skill level 1 in Throwing
  3334 | D:3      | Noticed Natasha
  3944 | D:3      | Killed Natasha
  3945 | D:3      | Reached XP level 4. HP: 8/21 MP: 9/9
  4207 | D:3      | Noticed Natasha
  4214 | D:3      | Killed Natasha
  4561 | D:3      | Reached XP level 5. HP: 21/24 MP: 10/11
  4565 | D:3      | Learned a level 3 spell: Tukima's Dance
  4637 | D:3      | Noticed Natasha
  4651 | D:3      | Killed Natasha
  4652 | D:3      | Reached skill level 7 in Stealth
  5275 | D:3      | HP: 1/24 [orc wizard (4)]
  6314 | D:4      | Reached XP level 6. HP: 20/28 MP: 13/13
  6321 | D:4      | Reached skill level 8 in Stealth
  7054 | D:5      | Entered Level 5 of the Dungeon
  7058 | D:5      | Reached skill level 9 in Stealth
  7058 | D:5      | Reached XP level 7. HP: 32/32 MP: 14/14
  7085 | D:5      | Found a staircase to the Ecumenical Temple.
  7096 | Temple   | Entered the Ecumenical Temple
  7145 | Temple   | Became a worshipper of Dithmenos the Shadowed
  7503 | D:5      | Reached skill level 10 in Stealth
  7532 | D:5      | Reached skill level 5 in Hexes
  7612 | D:4      | Reached skill level 1 in Evocations
  7801 | D:4      | Reached skill level 1 in Fighting
  7938 | D:5      | Reached skill level 5 in Spellcasting
  7938 | D:5      | Reached skill level 1 in Invocations
  7938 | D:5      | Reached XP level 8. HP: 37/37 MP: 15/16
  7962 | D:4      | Learned a level 3 spell: Dazzling Flash
  7966 | D:4      | Learned a level 3 spell: Summon Guardian Golem
  8459 | D:5      | Found a glowing golden altar of the Shining One.
  8624 | D:5      | Reached skill level 1 in Summonings
  8950 | D:6      | Identified the ring of Esuor {*Slow rF+ rN+ Dex+4}
  8998 | D:6      | Found a white marble altar of Elyvilon.
  8998 | D:6      | Found an opulent altar of Gozag.
  9081 | D:6      | Reached skill level 11 in Stealth
  9104 | D:6      | Reached skill level 1 in Conjurations
  9111 | D:6      | Reached * piety under Dithmenos
  9331 | D:6      | Reached XP level 9. HP: 25/41 MP: 13/19
  9763 | D:7      | Reached skill level 12 in Stealth
  9878 | D:7      | Learned a level 1 spell: Apportation
  9900 | D:7      | Reached skill level 1 in Translocations
 10147 | D:7      | Found an ornate altar of the Wu Jian Council.
 10343 | D:7      | Found Lequrapa's Weapon Emporium.
 10554 | D:7      | Found a hazy altar of Hepliaklqana.
 10637 | D:7      | Reached skill level 13 in Stealth
 11037 | D:8      | Reached XP level 10. HP: 39/45 MP: 19/22
 11044 | D:8      | Noticed Maggie
 11051 | D:8      | Killed Maggie
 11051 | D:8      | Reached ** piety under Dithmenos
 11332 | D:8      | Reached skill level 5 in Evocations
 11564 | D:8      | Found the +0 staff of Battle
 11572 | D:8      | Reached skill level 14 in Stealth
 11837 | D:9      | Noticed a two-headed ogre
 11950 | D:9      | Noticed a brown ugly thing
 11951 | D:9      | Killed a two-headed ogre
 11966 | D:9      | Killed a brown ugly thing
 11990 | D:8      | Reached skill level 15 in Stealth
 12058 | D:9      | Noticed a death knight
 12058 | D:9      | Noticed a tengu warrior
 12063 | D:8      | Slain by a death knight

Illustrated notes

Levels and vault maps discovered:
D:1:      dpeg_arrival_fog, layout_basic
D:2:      layout_basic, basic_ecumenical_altar, hangedman_decor_points
D:3:      layout_rooms, chequers_serial_rivers_marsh, minmay_diced_spiral,
          uniq_natasha
D:4:      layout_cave_pools, chequers_serial_rivers_micro_c
D:5:      layout_rooms, nicolae_tso_carved_into_rock, minmay_temple_entry_mist,
          serial_rivers, chequers_serial_rivers_room_a,
          chequers_serial_rivers_marsh, chequers_serial_rivers_large_b,
          chequers_serial_rivers_micro_d
D:6:      layout_basic, grunt_temple_overflow_open
D:7:      layout_loops_corners, mainiacjoe_overflow_small_starburst,
          nicolae_hepliaklqana_hippocampus, serial_shops, nicolae_shop_stone,
          kennysheep_generic_room_3
D:8:      layout_basic, hellmonk_guarded_unrand_staff_of_battle, uniq_maggie
D:9:      minmay_the_grid_four_pointed_star_mashed
          [minmay_the_grid_triangle_9x9_sparse_checkered,
          minmay_the_grid_triangle_9x9_cache,
          minmay_the_grid_triangle_9x9_dagger,
          minmay_the_grid_triangle_9x9_corrupted_corridor,
          minmay_the_grid_prize_big_room], layout_rooms, serial_shops,
          shop_statue
Temple:   nicolae_temple_elliptical

Skill      XL: |  1  2  3  4  5  6  7  8  9 10 |
---------------+-------------------------------+-----
Stealth        | 5 6 7 9 10 11 13 15 | 15.0
Spellcasting   | 3 4 5 6 7 8 |  8.1
Dodging        | 3 4 |  4.4
Throwing       | 1 2 |  2.0
Hexes          | 4 5 6 7 |  7.1
Short Blades   | 2 3 |  3.9
Evocations     | 1 3 4 5 |  5.8
Fighting       | 1 |  1.4
Invocations    | 1 2 4 |  4.7
Summonings     | 1 2 |  2.0
Conjurations   | 1 2 |  2.0
Translocations | 2 |  2.0
Ice Magic      | |  0.1

Action                   |  1- 3 |  4- 6 |  7- 9 | 10-12 || total
-------------------------+-------+-------+-------+-------++-------
Melee: Dagger            |   113 |   149 |   170 |    43 ||   475
Throw: Dart              |       |       |    24 |       ||    24
 Cast: Corona            |     5 |       |       |       ||     5
       Ensorcelled Hiber |    31 |    57 |    65 |     6 ||   159
       Confusing Touch   |     4 |    15 |    18 |     4 ||    41
       Tukima's Dance    |       |     1 |    18 |     3 ||    22
       Dazzling Flash    |       |       |     5 |       ||     5
Invok: Shadow Step       |       |       |       |     1 ||     1
  Use: Potion            |       |     1 |       |       ||     1
 Stab: Sleeping          |    29 |    34 |    47 |    11 ||   121
       Confused          |     2 |     9 |    15 |     2 ||    28
       Distracted        |       |     2 |       |       ||     2
       Invisible         |       |       |     6 |       ||     6
Armor: Robe              |    19 |    15 |    12 |     6 ||    52
Dodge: Dodged            |    76 |   147 |   135 |    33 ||   391
       Repelled          |       |       |       |     1 ||     1
